Map: Terrasses de Prion

Players

III

  • Race: Zerg Zerg

pupu - Winner!

  • Race: Protoss Protoss
  • League: Silver

VOD

Have the link to the VOD?

Description

Time

  • Played on: April 5, 2016, 2:09 p.m.
  • Length: 13:56
Show
View Real Time Build Order
Export as new Build Order

III Zerg 

Build Orders: Pool First 

Get SALT Encoding   

  12  0:01  Drone  
  13  0:08  Drone  
  14  0:18  Overlord  
  14  0:36  Drone x2  
  14  0:37  Drone  
  17  0:49  Spawning Pool  
  17  0:50  Drone  
  17  0:59  Drone  
  17  1:03  Extractor  
  17  1:09  Drone  
  18  1:24  Drone  
  19  1:25  Hatchery  
  18  1:33  Drone  
  18  1:39  Roach Warren  
  18  1:42  Zergling x2  
  19  1:51  Queen  
  21  1:55  Zergling x2  
  22  2:05  Overlord  
  21  2:13  Drone  
  22  2:37  Extractor, Drone  
  22  2:52  Roach  
  22  2:53  Drone x2  
  22  2:54  Drone  
  28  2:58  Drone  
  28  2:59  Roach  
  30  3:08  Drone  
  30  3:09  Overlord, Drone  
  30  3:10  Roach  
  36  3:18  Overlord  
  36  3:27  Spore Crawler  
  35  3:28  Drone  
  35  3:29  Roach  
  35  3:30  Pneumatized Carapace  
  36  3:34  Queen  
  36  3:40  Roach x2  
  42  3:43  Roach  
  44  3:54  Drone x4  
  48  4:02  Spore Crawler  
  47  4:05  Roach  
  49  4:11  Roach  
  51  4:17  Overlord x2  
  51  4:18  Drone  
  52  4:26  Lair  
  52  4:32  Overlord  
  52  4:33  Overlord  
  52  4:41  Roach x2  
  52  4:42  Roach  
  58  4:47  Drone x2  
  58  4:48  Drone  
  61  4:53  Drone  
  61  4:55  Roach  
  64  5:05  Roach x3  
  64  5:06  Roach  
  64  5:18  Roach x4  
  60  5:38  Extractor  
  60  5:39  Extractor, Roach x3  
  60  5:40  Roach x3  
  68  5:54  Roach  
  68  5:55  Roach x2  
  66  6:10  Roach x3  
  70  6:16  Drone x4  
  74  6:28  Drone  
  74  6:29  Drone x6  
  81  6:33  Glial Reconstitution  
  81  6:48  Spore Crawler  
  81  6:52  Hatchery  
  79  6:56  Spire  
  79  6:58  Overlord  
  79  6:59  Overlord, Drone x2  
  79  7:00  Drone  
  79  7:01  Roach  
  83  7:17  Overlord  
  83  7:18  Zergling x4, Roach x2, Drone  
  90  7:24  Roach x2  
  90  7:25  Roach  
  90  7:26  Roach  
  98  7:32  Evolution Chamber  
  98  7:33  Evolution Chamber  
  96  7:39  Spore Crawler  
  96  7:41  Overlord, Drone, Zergling x2  
  96  7:42  Roach  
  99  7:53  Zergling x2  
  99  7:54  Roach x4  
  108  8:00  Zerg Ground Armor Level 1  
  108  8:03  Zerg Missile Weapons Level 1  
  108  8:11  Zergling x2  
  108  8:12  Mutalisk, Roach  
  113  8:14  Roach  
  115  8:21  Overlord, Drone x2  
  115  8:22  Drone  
  118  8:29  Zergling x2  
  119  8:36  Spine Crawler  
  118  8:41  Roach  
  118  8:42  Roach x3  
  121  8:59  Mutalisk x2  
  108  9:04  Mutalisk  
  108  9:05  Mutalisk x4  
  116  9:15  Zergling x2, Mutalisk, Roach  
  116  9:16  Zergling x2  
  112  9:30  Mutalisk  
  114  9:31  Roach  
  114  9:32  Roach x2  
  68  10:00  Mutalisk x3  
  68  10:02  Roach  
  76  10:10  Queen  
  76  10:12  Roach x3  
  76  10:13  Roach  
  86  10:15  Extractor  
  86  10:16  Spore Crawler  
  86  10:17  Spore Crawler  
  83  10:24  Roach x5  
  83  10:27  Roach  
  95  10:37  Extractor  
  95  10:39  Drone x7  
  101  10:49  Roach  
  105  10:50  Roach x4  
  111  10:58  Roach  
  111  10:59  Roach  
  111  11:02  Roach  
  113  11:13  Roach x5  
  101  11:26  Mutalisk  
  101  11:27  Mutalisk x3  
  109  11:34  Roach  
  109  11:35  Roach x2  
  113  11:43  Roach  
  113  11:44  Roach x3  
  121  11:53  Roach x2  
  125  11:54  Roach  
  127  12:01  Roach  
  127  12:04  Overlord x2  
  84  12:36  Roach x9  
  84  12:37  Roach x2  
  98  12:41  Roach x2  
  98  12:43  Roach  
  104  12:50  Roach  
  104  12:51  Roach x2  
  106  13:05  Roach  
  85  13:12  Roach  
  52  13:23  Roach  
  52  13:24  Roach x8  
  59  13:33  Spore Crawler  
Show
View Real Time Build Order
Export as new Build Order

pupu Protoss - Winner!

Build Orders: 1 Gate Expand 

Get SALT Encoding   

  12  0:01  Probe (Chrono Boost)  
  13  0:11  Probe (Chrono Boost)  
  14  0:20  Pylon  
  14  0:22  Probe (Chrono Boost)  
  15  0:38  Probe (Chrono Boost)  
  15  0:39  Gateway  
  16  1:09  Nexus  
  16  1:19  Probe (Chrono Boost)  
  17  1:26  Cybernetics Core  
  17  1:29  Probe (Chrono Boost)  
  18  1:37  Zealot  
  20  1:40  Probe (Chrono Boost)  
  20  1:43  Assimilator  
  21  1:50  Assimilator  
  21  1:52  Probe (Chrono Boost)  
  22  2:02  Probe (Chrono Boost)  
  23  2:20  Probe (Chrono Boost)  
  24  2:25  Assimilator  
  24  2:27  Adept  
  24  2:29  Pylon  
  26  2:34  Warp Gate (Chrono Boost)  
  26  2:39  Probe x2  
  28  2:50  Forge  
  28  2:51  Probe, Pylon  
  28  2:52  Probe  
  30  3:04  Probe, Mothership Core  
  33  3:05  Adept  
  35  3:16  Probe  
  36  3:23  Gateway  
  36  3:25  Probe  
  37  3:28  Probe  
  37  3:30  Pylon  
  37  3:33  Sentry  
  38  3:37  Probe  
  38  3:40  Probe  
  42  3:43  Protoss Ground Weapons Level 1 (Chrono Boost)  
  42  3:49  Probe  
  42  3:51  Pylon  
  42  3:53  Probe  
  44  4:05  Probe x2, Assimilator  
  46  4:10  Gateway  
  46  4:12  Gateway  
  46  4:15  Pylon  
  46  4:22  Probe  
  46  4:23  Probe  
  48  4:32  Zealot  
  50  4:39  Pylon  
  50  4:40  Protoss Air Weapons Level 1  
  50  4:45  Probe  
  50  4:46  Probe  
  50  4:47  Stargate  
  52  4:55  Probe  
  52  4:58  Probe, Adept x2  
  54  5:11  Stalker x2  
  54  5:19  Stalker x2  
  54  5:25  Probe  
  54  5:26  Probe  
  56  5:31  Void Ray  
  60  5:36  Probe  
  60  5:38  Stargate  
  60  5:39  Probe, Zealot x2  
  66  5:44  Stalker x2  
  70  6:10  Stalker  
  70  6:11  Stalker x3  
  74  6:21  Void Ray x2 (Chrono Boost)  
  82  6:28  Protoss Ground Armor Level 1  
  82  6:34  Stalker  
  82  6:35  Stalker  
  86  6:44  Pylon  
  86  6:45  Pylon  
  86  6:47  Pylon  
  86  6:50  Pylon  
  86  6:57  Pylon  
  86  6:58  Pylon  
  86  7:02  Void Ray x2 (Chrono Boost)  
  86  7:03  Nexus  
  86  7:05  Probe  
  86  7:06  Probe  
  96  7:12  Stalker x2  
  96  7:14  Sentry x2  
  104  7:39  Void Ray (Chrono Boost)  
  108  7:44  Assimilator  
  108  7:45  Probe x2  
  108  7:48  Void Ray (Chrono Boost)  
  108  7:51  Zealot x4, Assimilator  
  122  8:00  Gateway  
  122  8:01  Gateway  
  122  8:03  Gateway  
  122  8:14  Gateway  
  122  8:16  Probe x2  
  122  8:17  Pylon  
  124  8:22  Probe  
  125  8:28  Probe x2  
  125  8:33  Probe  
  127  8:37  Stalker x4  
  127  8:40  Probe  
  127  8:41  Probe  
  130  9:01  Stalker x4  
  134  9:17  Stalker  
  118  10:08  Pylon  
  118  10:11  Pylon  
  118  10:14  Pylon  
  118  10:16  Pylon  
  118  10:21  Pylon  
  118  10:24  Pylon  
  118  10:27  Photon Cannon  
  118  10:28  Probe  
  118  10:29  Probe x2  
  118  10:31  Photon Cannon  
  121  10:37  Photon Cannon  
  121  10:41  Probe  
  121  10:42  Photon Cannon  
  122  10:45  Photon Cannon  
  122  10:47  Photon Cannon  
  122  10:49  Photon Cannon  
  122  10:51  Pylon  
  122  10:54  Photon Cannon  
  122  10:55  Photon Cannon, Pylon  
  122  10:57  Pylon  
  122  10:58  Photon Cannon  
  122  11:00  Probe x2, Photon Cannon  
  122  11:02  Photon Cannon  
  124  11:12  Photon Cannon  
  124  11:14  Photon Cannon  
  124  11:17  Photon Cannon  
  122  11:21  Stalker x3  
  124  11:43  Pylon  
  124  11:44  Photon Cannon  
  124  11:51  Photon Cannon  
  124  11:53  Probe  
  124  11:54  Probe x2, Photon Cannon  
  127  12:04  Void Ray (Chrono Boost)  
  131  12:14  Stalker  
  133  12:15  Stalker  
  133  12:16  Stalker  
  135  12:29  Stalker x2  
  130  13:27  Stalker  
  130  13:28  Stalker x2  
Tags
 
Add a new tag
Caveats
  • Supply blocks, unpowered buildings, or Contaminate may cause inaccurate times.
  • Supply counts are checked every 10 seconds.